 Dungeon Crawl Stone Soup version 0.20.1-1-g8b1a95d (console) character file.

1343 Kloppie the Chopper (level 8, 0/71 HPs)
             Began as a Ghoul Fighter on July 22, 2017.
             Was an Initiate of Okawaru.
             Slain by baghtru's ghost (16 damage)
             ... on level 6 of the Dungeon.
             The game lasted 00:09:24 (6226 turns).

Kloppie the Chopper (Ghoul Fighter)                 Turns: 6226, Time: 00:09:25

Health: 0/71       AC:  7    Str: 20    XL:     8   Next: 62%
Magic:  7/7        EV: 14    Int:  3    God:    Okawaru [......]
Gold:   174        SH:  0    Dex: 15    Spells: 7/7 levels left

rFire    . . .     SeeInvis .   a - +1 war axe
rCold    + . .     Gourm    .   (no shield)
rNeg     + + +     Faith    .   b - +0 scale mail
rPois    ∞         Spirit   .   (no helmet)
rElec    .         Reflect  .   (no cloak)
rCorr    .         Harm     .   (no gloves)
MR       .....                  (no boots)
Stlth    +.........             i - amulet of magic regeneration
Regen    0.0/turn               (no ring)
MPRegen  0.2/turn               (no ring)

@: agile, rotting
A: rotting body, claws 1, carnivore 3, cold resistance 1, negative energy
resistance 3, inhibited regeneration, torment resistance, unbreathing
a: Renounce Religion


You were on level 6 of the Dungeon.
You worshipped Okawaru.
Okawaru was noncommittal.
You were hungry.

You visited 2 branches of the dungeon, and saw 7 of its levels.
You also visited: Sewer.

You collected 249 gold pieces.
You spent 75 gold pieces at shops.

Inventory:

Hand Weapons
 a - a +1 war axe (weapon)
Armour
 b - a +0 scale mail (worn)
 c - a +0 shield
 y - a +0 chain mail
Jewellery
 i - an amulet of magic regeneration (around neck)
Wands
 n - a wand of clouds (6/9)
 s - a wand of random effects (48/48)
Scrolls
 d - 2 scrolls of enchant armour
 j - a scroll of blinking
 o - a scroll of teleportation
 p - a scroll of recharging
 r - 2 scrolls of remove curse
 x - a scroll of fear
Potions
 g - 3 potions of flight
 l - 2 potions of invisibility {unknown}
 m - 3 potions of heal wounds {unknown}
 t - a potion of ambrosia {unknown}
 u - 4 potions of curing {unknown}
 v - a potion of magic {unknown}
Comestibles
 f - 2 meat rations
 h - 8 chunks of flesh
 q - 2 royal jellies


   Skills:
 - Level 6.9 Fighting
 + Level 7.0 Axes
 + Level 4.7 Armour
 - Level 2.6 Shields


You had 7 spell levels left.
You didn't know any spells.

Dungeon Overview and Level Annotations

Branches:
Dungeon (6/15)             Temple (1/1) D:5

Altars:
Cheibriados
Dithmenos
Elyvilon
Fedhas
Gozag
Hepliaklqana
Kikubaaqudgha
Makhleb
Nemelex Xobeh
Okawaru
Qazlal
Ru
Sif Muna
Uskayaw
Xom
Yredelemnul
The Shining One

Shops:
D:4 [*[}   D:5 =

Annotations:
D:6 baghtru's ghost, novice HOFi


Innate Abilities, Weirdness & Mutations

Your body is rotting away.
You thrive on raw meat.
You are immune to poison.
You have sharp fingernails.
You are carnivorous and can eat meat at any time.
Your flesh is cold resistant. (rC+)
You are immune to negative energy. (rN+++)
You do not regenerate when monsters are visible.
You are immune to unholy pain and torment.
You can survive without breathing.


Message History

Baghtru's ghost hits you!
You barely miss baghtru's ghost.
Baghtru's ghost is lightly damaged.
Baghtru's ghost hits you!
* * * LOW HITPOINT WARNING * * *
You feel agile all of a sudden. Baghtru's ghost misses you.
You slash baghtru's ghost!
Baghtru's ghost is moderately damaged.
Baghtru's ghost hits you but does no damage.
Baghtru's ghost hits you.
* * * LOW HITPOINT WARNING * * *
You hit baghtru's ghost but do no damage.
Baghtru's ghost is moderately damaged.
Baghtru's ghost hits you.
* * * LOW HITPOINT WARNING * * *
You are feeling hungry.
There is a stone staircase leading up here.
Baghtru's ghost hits you!
You die...

###***** ** #..,,,,* *,
######.###*,# *****+
#........#*.# *,,,,,
#..>.....##.#####*,,,,,
**********#...............,#,,,,,
*,,,,,,*,##............(.#.#****.
*,,,,,,*,.......@#.#####.#.#####.
*,,,,,,*,#######>W..........$....
*,,,,,,,,***####.#.##....#.#***#.
******+*,,,.........#....#.# #.
,,,,,,,,,,*.........#....#.# #.
,,,,,,,,,,+....#....#....#.#####.
,,,,,,,,,,####.#.................
,,,,,,,,,,,,........#..(.#.#####.
,,,,,,,,,,,,#..#.#..#^...#.#####.


You could see baghtru's ghost.

Vanquished Creatures
  Eustachio (D:4)
  A centaur (D:4)
  Blork the orc (D:4)
  A big kobold (Sewer)
  2 scorpions (D:4)
  A hound (D:4)
  A gnoll shaman (D:5)
  A centaur skeleton (D:5)
  5 orc priests
  A jelly (D:5)
  4 orc wizards
  3 bullfrog skeletons
  4 worker ants
  Natasha (thrice) (D:2)
  A howler monkey skeleton (D:4)
  5 gnolls
  6 adders
  2 river rats (Sewer)
  An ooze (D:1)
  An adder skeleton (D:4)
  2 worms
  2 dart slugs
  2 leopard geckos
  12 orcs
  13 giant cockroaches
  6 goblins (D:1)
  7 hobgoblins
  10 jackals
  4 ball pythons
  9 bats
  6 frilled lizards
  7 kobolds
  9 rats
134 creatures vanquished.

Notes
Turn   | Place    | Note
-------+----------+-------------------------------------------
     0 | D:1      | Kloppie the Ghoul Fighter began the quest for the Orb.
     0 | D:1      | Reached XP level 1. HP: 19/19 MP: 0/0
    32 | D:1      | Reached skill level 2 in Axes
    45 | D:1      | Reached XP level 2. HP: 19/26 MP: 1/1
   671 | D:1      | Reached XP level 3. HP: 31/31 MP: 2/2
   964 | D:2      | Reached skill level 3 in Axes
  1186 | D:2      | Reached XP level 4. HP: 27/40 MP: 3/3
  1390 | D:2      | Noticed Natasha
  1396 | D:2      | Killed Natasha
  1509 | D:2      | Noticed Natasha
  1524 | D:2      | Killed Natasha
  1634 | D:2      | Noticed Natasha
  1645 | D:2      | Killed Natasha
  1645 | D:2      | Reached XP level 5. HP: 23/47 MP: 4/4
  1912 | D:3      | Found a shadowy altar of Dithmenos.
  1941 | D:3      | Reached skill level 5 in Fighting
  1941 | D:3      | Reached skill level 4 in Axes
  2400 | D:3      | Found a hide-covered altar of Uskayaw.
  2449 | D:3      | Found a blossoming altar of Fedhas.
  2732 | D:4      | Noticed Eustachio
  2739 | D:3      | Reached XP level 6. HP: 46/56 MP: 5/5
  3062 | D:4      | Lost intelligence.
  3160 | D:4      | Found Wiziti's Armour Boutique.
  3211 | D:4      | Found Poibryfi's Gadget Shop.
  3231 | D:4      | Reached skill level 5 in Axes
  3234 | D:4      | Reached XP level 7. HP: 23/63 MP: 6/6
  3345 | D:4      | Killed Eustachio
  3512 | D:4      | Found Woasaaj's General Store.
  3515 | D:4      | Bought a scroll of enchant armour for 75 gold pieces
  3794 | D:4      | Noticed Blork the orc
  3801 | D:4      | Killed Blork the orc
  3801 | D:4      | Reached skill level 6 in Axes
  4064 | D:4      | Found Joaff's Antique Armour Boutique.
  4100 | D:5      | Entered Level 5 of the Dungeon
  4108 | D:5      | Found Oloovuod's Jewellery Shop.
  4164 | D:5      | Reached XP level 8. HP: 59/70 MP: 7/7
  5592 | D:5      | Found a staircase to the Ecumenical Temple.
  5596 | Temple   | Entered the Ecumenical Temple
  5688 | Temple   | Became a worshipper of Warmaster Okawaru
  5884 | D:6      | Found a glowing drain.
  5923 | Sewer    | Entered a sewer
  6097 | Sewer    | Reached skill level 7 in Axes
  6121 | Sewer    | Found a white marble altar of Elyvilon.
  6211 | D:6      | Noticed baghtru's ghost (novice HOFi)
  6226 | D:6      | Slain by baghtru's ghost

Skill      XL: |  1  2  3  4  5  6  7  8 |
---------------+-------------------------+-----
Axes           | 2 3 4 5 6 7 |  7.0
Fighting       | 4 5 6 |  6.9
Armour         | 3 4 |  4.7
Shields        | |  2.6

Action                   |  1- 3 |  4- 6 |  7- 9 || total
-------------------------+-------+-------+-------++-------
Melee: War axe           |   121 |   198 |   183 ||   502
  Use: Scroll            |       |     8 |     7 ||    15
       Potion            |       |       |     2 ||     2
  Eat: Chunk             |     5 |    11 |     9 ||    25
Armor: Scale mail        |    81 |   113 |    95 ||   289
Dodge: Dodged            |    84 |   129 |   113 ||   326
